 Dungeon Crawl Stone Soup version 0.29.1-15-g9cfb28693d (webtiles) character file.

Game seed: 7161494910294546726

4 PriceMaster the Conjurer (level 1, 0/11 HPs)
             Began as an Octopode Conjurer on Apr 14, 2023.
             Slain by a jackal (1 damage)
             ... on level 1 of the Dungeon.
             The game lasted 00:00:29 (144 turns).

PriceMaster the Conjurer (Octopode Conjurer)         Turns: 144, Time: 00:00:31

Health: 0/11       AC:  1    Str:  6    XL:     1   Next: 70%
Magic:  0/3        EV: 13    Int: 20    God:
Gold:   14         SH:  0    Dex: 10    Spells: 3/4 levels left

rFire   . . .      SeeInvis .   (no weapon)
rCold   . . .      Faith    .   (no shield)
rNeg    . . .      Spirit   .   (helmet restricted)
rPois   .          Reflect  .   (no amulet)
rElec   .          Harm     .   (no ring)
rCorr   .          Rampage  .   (no ring)
Will    .....                   (no ring)
Stlth   +++.......              (no ring)
HPRegen 0.03/turn               (no ring)
MPRegen 0.08/turn               (no ring)
                                (no ring)
                                (no ring)

@: no status effects
A: almost no armour, amphibious, 8 rings, camouflage 1, gelatinous body 1,
(nimble swimmer 1), tentacles
a: no special abilities


You were on level 1 of the Dungeon.
You visited 1 branch of the dungeon, and saw 1 of its levels.

You collected 14 gold pieces.

Inventory:

Scrolls
 b - a scroll of poison {unknown}
 c - a scroll of noise {unknown}


   Skills:
 + Level 2.1 Dodging
 + Level 2.7 Stealth
 + Level 2.0 Spellcasting
 + Level 4.1 Conjurations


You had 3 spell levels left.
You knew the following spells:

 Your Spells              Type           Power      Damage    Failure   Level
a - Magic Dart            Conj           72%        1d6       2%          1

Your spell library contained the following spells:

 Spells                   Type           Power      Damage    Failure   Level
 Searing Ray              Conj           36%        2d5       4%          2
 Dazzling Flash           Conj/Hex       20%        N/A       21%         3
 Fulminant Prism          Conj/Hex       5%         3d7       54%         4
 Iskenderun's Mystic Bla  Conj/Tloc      10%        2d4       54%         4


Dungeon Overview and Level Annotations

Branches:
Dungeon (1/15)

Altars:


Innate Abilities, Weirdness & Mutations

You cannot wear most types of armour.
You are amphibious.
You can wear up to eight rings at the same time.
Your skin changes colour to match your surroundings (Stealth+).
Your rubbery body absorbs attacks. (AC +1, EV +1)
((You are camouflaged when in or above water. (Stealth+)))
You have tentacles for arms and can constrict up to eight enemies at once.


Message History

Press: ? - help, Shift-Dir - straight line, f - jackal
Aim: a jackal (moderately wounded, constricted by you, 100% to hit)
The magic dart hits the jackal.
You kill the jackal!
You tentacle-slap the rat but do no damage.
Your grab misses the rat. The rat closely misses you.
You tentacle-slap the rat. Your grab misses the rat.
Your squeeze misses the rat.
The rat is moderately wounded.
The rat bites you.
You barely miss the rat. Your grab misses the rat.
The rat is moderately wounded.
The rat barely misses you.
You tentacle-slap the rat but do no damage.
Your grab misses the rat. Your squeeze misses the rat.
The rat is moderately wounded.
The rat bites you.
* * * LOW HITPOINT WARNING * * *
A hobgoblin comes into view.
You closely miss the rat. Your grab misses the rat.
The rat is moderately wounded.
The rat misses you.
You closely miss the rat. Your grab misses the rat.
The rat is moderately wounded.
The rat misses you.
You closely miss the rat. You grab the rat.
The rat is moderately wounded.
You constrict the rat. The rat closely misses you.
You tentacle-slap the rat.
You kill the rat!
The jackal closely misses you.
Casting: Magic Dart (safe; 2% risk of failure)
Confirm with . or Enter, or press ? or * to list all spells.
Aiming: Magic Dart (safe; 2% risk of failure)
Press: ? - help, Shift-Dir - straight line, f - jackal
Aim: a jackal (100% to hit)
The magic dart hits the jackal.
The jackal is heavily wounded.
The jackal bites you.
You die...

~~~..# ........#.#
~≈≈..# #.........#
~~≈..# #.........#
~~~..# #.........#
~~~..#####.........#
~~~.....##......g..#
≈≈~.###..# #.# ≈≈~.#
##.## #h# ~~P.# #..#
#@# ....# ##.######.#
....# #......#.#####
....##########.......#
~~P......### #....##.#
~≈~........# #....##.#
~≈~........####^####.#
~~~.####.............#
~~~.# #...####.######


You could see a jackal and a hobgoblin.

Vanquished Creatures
  3 jackals (D:1)
  A rat (D:1)
4 creatures vanquished.

Notes
Turn   | Place    | Note
-------+----------+-------------------------------------------
     0 | D:1      | PriceMaster the Octopode Conjurer began the quest for the
                  | Orb.
     0 | D:1      | Reached XP level 1. HP: 11/11 MP: 3/3
   144 | D:1      | Slain by a jackal

Illustrated notes

Levels and vault maps discovered:
D:1:      giann_bridges, layout_basic, dreamdust_ecumenical_altar_statues,
          amcnicky_mini_corridor_feature, hex_large

Action                   || total
-------------------------++-------
Melee: Unarmed           ||    14
       Constrict         ||     2
 Cast: Magic Dart        ||     8
  Use: Potion            ||     1
Armor: Skin              ||     1
Dodge: Dodged            ||    19
